 Dungeon Crawl Stone Soup version 0.29-a0-845-g6161e89988 (webtiles) character file.

Game seed: 12617570677847422384

2455 jlumianski the Chopper (level 9, -6/60 HPs)
             Began as a Demonspawn Fighter on July 15, 2022.
             Was a Believer of Hepliaklqana.
             Mangled by an orc warrior
             ... wielding a +4 war axe
              (12 damage)
             ... in a bailey.
             The game lasted 00:25:32 (7291 turns).

jlumianski the Chopper (Demonspawn Fighter)         Turns: 7291, Time: 00:25:35

Health: -6/60      AC: 14    Str: 18 (20) XL:     9   Next: 26%
Magic:  13/13      EV:  7    Int:  8 (10) God:    Hepliaklqana [**....]
Gold:   346        SH:  5    Dex: 13      Spells: 10/12 levels left

rFire   + . .      SeeInvis .   a - +0 war axe
rCold   . . .      Faith    .   c - +0 buckler
rNeg    . . .      Spirit   .   m - +0 chain mail
rPois   .          Reflect  .   E - +1 hat
rElec   .          Harm     .   (no cloak)
rCorr   .          Rampage  .   A - +0 pair of gloves
Will    .....                   t - +1 pair of boots
Stlth   ..........              (no amulet)
HPRegen 0.20/turn               l - ring of protection from fire
MPRegen 0.13/turn               (no ring)

@: mighty
A: reduced essence, spiny 1, demonic magic 1, demonic touch 1
a: Renounce Religion, Recall Ancestor, Ancestor Identity


You were in a bailey.
You worshipped Hepliaklqana.
Hepliaklqana was pleased with you.
You visited 1 branch of the dungeon, and saw 7 of its levels.
You also visited: Bailey.

You collected 372 gold pieces.
You spent 26 gold pieces at shops.

Inventory:

Hand Weapons
 a - a +0 war axe (weapon)
 j - a +0 short sword of venom
 y - a +2 short sword of electrocution
 z - a +0 dagger
 C - a +5 halberd
Missiles
 k - 54 stones
 w - 18 boomerangs (quivered)
 F - 6 poisoned darts
 K - 2 throwing nets
Armour
 b - a +0 scale mail
 c - a +0 buckler (worn)
 m - a +0 chain mail (worn)
 t - a +1 pair of boots (worn)
 A - a +0 pair of gloves (worn)
 E - a +1 hat (worn)
 J - +0 steam dragon scales
Magical Staves
 v - a staff of poison
 B - a staff of cold
Jewellery
 l - a ring of protection from fire (left hand)
 u - a ring of fire
 I - a ring of fire
Wands
 G - a wand of roots (4)
Scrolls
 i - 2 scrolls of teleportation
 D - a scroll of poison
 H - a scroll of fog
Potions
 d - a potion of might
 e - a potion of heal wounds
 f - a potion of mutation
 g - a potion of brilliance
 h - a potion of flight
 n - a potion of resistance
 o - 2 potions of haste
 p - 3 potions of curing
 q - a potion of invisibility
 r - 2 potions of degeneration
 s - 2 potions of magic
 x - a potion of lignification


   Skills:
 + Level 4.8 Fighting
 + Level 6.7 Axes
 + Level 2.2 Throwing
 + Level 5.9 Armour
 + Level 1.5 Dodging
 + Level 1.2 Stealth
 + Level 3.8 Shields
 - Level 2.0 Spellcasting
 - Level 2.2 Poison Magic
 * Level 5.5 Invocations


You had 10 spell levels left.
You knew the following spells:

 Your Spells              Type           Power      Damage    Failure   Level
a - Poisonous Vapours     Pois/Air       4%         N/A       99%         2

Your spell library contained the following spells:

 Spells                   Type           Power      Damage    Failure   Level
 Sting                    Tmut/Pois      8%         1d3       97%         1
 Freeze                   Ice            0%         1d3       99%         1
 Magic Dart               Conj           0%         1d3       99%         1
 Call Imp                 Summ           0%         N/A       100%        2
 Frozen Ramparts          Ice            0%         1d2       100%        3
 Gell's Gravitas          Tloc           0%         N/A       100%        3
 Mephitic Cloud           Conj/Pois/Air  2%         N/A       100%        3
 Teleport Other           Tloc           0%         N/A       100%        3
 Hailstorm                Conj/Ice       0%         3d3       100%        4
 Olgreb's Toxic Radiance  Pois           4%         N/A       100%        4
 Dispersal                Tloc           0%         N/A       100%        6


Dungeon Overview and Level Annotations

Branches:
Dungeon (7/15)             Temple (0/1) D:5          Bailey (1/1)

Altars:
Hepliaklqana
Kikubaaqudgha
Okawaru
Qazlal
Wu Jian

Shops:
D:2 (=*=:

Annotations:
D:5 2 transporters, Phlounder's ghost, novice DjFE


Innate Abilities, Weirdness & Mutations

Your life essence is reduced to manifest your ancestor. (-10% HP)
You are partially covered in sharp spines.
Spells you cast may paralyse adjacent enemies.
Your touch may inflict minor irresistible damage on your foes.


Message History

You completely miss the orc warrior. The orc warrior completely misses you.
The orc knight is struck by your spines.
The orc knight hits you with a +0 war axe!!
* * * LOW HITPOINT WARNING * * *
You feel much better.
The orc warrior is struck by your spines.
The orc warrior hits you with a +4 war axe!
* * * LOW HITPOINT WARNING * * *
The orc knight hits you but does no damage.
The orc knight attacks as you move away!
The orc knight hits you but does no damage.
The gnoll hits you but does no damage.
The orc warrior attacks as you move away!
The orc warrior completely misses you.
There is an open door here.
You feel much better.
The orc warrior hits you with a +4 war axe!!
You barely miss the orc warrior.
The orc warrior is severely wounded.
The orc warrior hits you with a +4 war axe!
You feel very mighty all of a sudden.
The orc knight is struck by your spines.
The orc knight hits you with a +0 war axe.
* * * LOW HITPOINT WARNING * * *
The orc warrior is struck by your spines.
The orc warrior hits you but does no damage.
You barely miss the orc knight.
The orc knight is moderately wounded.
You hit the orc warrior but do no damage.
The orc knight hits you with a +0 war axe.
* * * LOW HITPOINT WARNING * * *
The orc warrior hits you with a +4 war axe.
* * * LOW HITPOINT WARNING * * *
You hit the orc knight.
The orc knight is moderately wounded.
You barely miss the orc warrior.
The orc knight hits you with a +0 war axe.
* * * LOW HITPOINT WARNING * * *
The orc warrior hits you with a +4 war axe!
You die...

♣......'.....#.....
♣∩.∩...'.....#....∩
♣......'.....#o....
♣♣.....#....##8.8..
♣....##.)..#≈!.
♣...##.....#≈).
♣≈≈##.....)##≈≈ #..
♣≈≈#........#########.....
♣≈≈#..8..8...@ogK.))'.....
#.........o#g≈≈≈)#.....
##.........#≈≈≈≈≈# .8.
##...8...##≈)≈≈≈# .
##.....##.......#
##...##.........# ####
♣♣♣.....♣♣♣ ♣♣♣∩♣♣♣


You could see an orc knight, an orc warrior (strong), a gnoll, a hobgoblin and a
kobold.

Vanquished Creatures
  A wyvern (D:5)
  A spriggan (D:7)
  Menkaure (D:5)
  Duvessa (D:6)
  2 ice beasts
  2 centaurs
  2 scorpions
  A necrophage (D:5)
  4 wights (D:6)
  3 howler monkeys
  3 hounds
  A jelly (D:5)
  A gnoll bouda (D:3)
  5 orc priests
  An iguana (D:6)
  2 orc wizards
  8 gnolls
  4 adders
  A shadow imp (D:5)
  An ufetubus (D:7)
  A worm (D:4)
  4 dart slugs
  17 orcs
  5 endoplasms
  2 giant cockroaches
  4 hobgoblins
  5 jackals
  10 kobolds
  2 quokkas
  2 ball pythons
  2 bats
  3 frilled lizards
  9 goblins
  8 rats
119 creatures vanquished.

Vanquished Creatures (collateral kills)
  A steam dragon (D:7)
  An orc warrior (Bailey)
  A phantom (D:6)
  A scorpion (D:6)
  Dowan (D:6)
  An orc priest (D:7)
  2 orc wizards (D:7)
  2 gnolls (Bailey)
  An adder (D:5)
  A dart slug (D:5)
  2 orcs
  3 goblins
  A hobgoblin (Bailey)
  3 kobolds (Bailey)
21 creatures vanquished.

Vanquished Creatures (others)
  A battlemage (Bailey)
  An ancestor (D:6)
  9 fungi (D:4)
  13 plants (D:4)
24 creatures vanquished.

Grand Total: 164 creatures vanquished

Notes
Turn   | Place    | Note
-------+----------+-------------------------------------------
     0 | D:1      | jlumianski the Demonspawn Fighter began the quest for the
                  | Orb.
     0 | D:1      | Reached XP level 1. HP: 18/18 MP: 1/1
   351 | D:1      | Reached skill level 2 in Axes
   520 | D:1      | Gained mutation: Spells you cast may paralyse adjacent
                  | enemies. [demonic ancestry]
   520 | D:1      | Reached XP level 2. HP: 21/24 MP: 2/2
   680 | D:1      | Found a faded altar of an unknown god.
  1294 | D:2      | Found Mycwin's Weapon Boutique.
  1458 | D:2      | Found Itsoru's Jewellery Emporium.
  1573 | D:2      | Reached XP level 3. HP: 29/29 MP: 3/3
  1577 | D:2      | Found Bissod's General Store.
  1583 | D:2      | Bought a scroll of identify for 26 gold pieces
  1746 | D:2      | Found Xeporir's Jewellery Boutique.
  1830 | D:2      | Found Poesiyh's Book Boutique.
  2132 | D:3      | Learned a level 2 spell: Poisonous Vapours
  2627 | D:3      | Reached skill level 3 in Axes
  2627 | D:3      | Gained mutation: You are partially covered in sharp spines.
                  | [demonic ancestry]
  2627 | D:3      | Reached XP level 4. HP: 15/35 MP: 4/4
  3236 | D:4      | Reached XP level 5. HP: 38/41 MP: 5/5
  3313 | D:4      | Found a hazy altar of Hepliaklqana.
  3383 | D:4      | Became a worshipper of Hepliaklqana the Forgotten
  3498 | D:3      | Reached skill level 1 in Spellcasting
  3643 | D:4      | Found an ornate altar of the Wu Jian Council.
  3674 | D:4      | Found a stormy altar of Qazlal.
  3736 | D:4      | Reached skill level 1 in Poison Magic
  3897 | D:4      | Reached skill level 4 in Axes
  3897 | D:4      | Reached XP level 6. HP: 32/48 MP: 7/7
  4410 | D:5      | Entered Level 5 of the Dungeon
  4421 | D:5      | Noticed an ice beast
  4436 | D:5      | Killed an ice beast
  4616 | D:5      | Found a staircase to the Ecumenical Temple.
  4618 | D:5      | Noticed Menkaure
  4625 | D:5      | Killed Menkaure
  4626 | D:5      | Reached XP level 7. HP: 37/54 MP: 8/10
  4816 | D:5      | Found a transporter.
  4817 | D:5      | Found a transporter.
  4817 | D:5      | Noticed Phlounder's ghost (novice DjFE)
  4954 | D:5      | Reached * piety under Hepliaklqana
  4978 | D:5      | Reached skill level 1 in Dodging
  5196 | D:5      | Noticed a wyvern
  5204 | D:5      | Killed a wyvern
  5205 | D:5      | Reached skill level 5 in Axes
  5205 | D:5      | Reached skill level 1 in Invocations
  5206 | D:5      | Gained mutation: Your touch may inflict minor irresistible
                  | damage on your foes. [demonic ancestry]
  5206 | D:5      | Reached XP level 8. HP: 28/54 MP: 11/11
  5637 | D:6      | Noticed Dowan
  5638 | D:6      | Noticed Duvessa
  5651 | D:6      | Killed Duvessa
  5672 | D:6      | Killed Dowan
  5741 | D:6      | Found an ancient bone altar of Kikubaaqudgha.
  5814 | D:6      | Reached skill level 5 in Armour
  5979 | D:6      | Reached skill level 1 in Throwing
  6036 | D:6      | Found an iron altar of Okawaru.
  6045 | D:6      | Reached skill level 6 in Axes
  6063 | D:6      | Reached skill level 1 in Stealth
  6707 | D:7      | Reached ** piety under Hepliaklqana
  6708 | D:7      | Remembered your ancestor Octavius as a battlemage
  6729 | D:7      | Reached skill level 5 in Invocations
  6729 | D:7      | Reached XP level 9. HP: 16/59 MP: 12/12
  7183 | D:7      | Found a flagged portal.
  7214 | Bailey   | Entered a bailey
  7231 | Bailey   | Noticed an orc warlord
  7271 | Bailey   | Noticed an orc knight
  7291 | Bailey   | Mangled by an orc warrior

Illustrated notes

Levels and vault maps discovered:
D:1:      psy_arrival_basics, layout_loops_ring,
          dreamdust_ecumenical_altar_grove, grunt_decor_one_mirror,
          minmay_misc_feat_nine_boxes
D:2:      layout_loops_ring, serial_shops, shop, nicolae_square_shop,
          nicolae_shop_bloodbath_and_beyond, nicolae_square_shop, shop
D:3:      layout_basic, dk_noncrumbling_3, kennysheep_generic_room_11
D:4:      layout_cave_pools, overflow_temple_1_default,
          mainiacjoe_overflow_cross_hatched, nicolae_overflow_crystal_walls,
          serial_bayou, serial_bayou_shore_a, serial_bayou_crossing,
          serial_bayou_shore_b, serial_bayou_ford_a
D:5:      layout_basic, tso_altar, minmay_temple_entry_offerings,
          gammafunk_ghost_hive, uniq_menkaure
D:6:      layout_basic, kennysheep_mini_moat,
          mainiacjoe_overflow_surrounded_room, uniq_duvessa
D:7:      nicolae_cairo_tiling_very_big, layout_cave_pools, enter_bailey_5,
          the_hattery
Bailey:   bailey_axe_bossmonster_kennysheep, bailey

Skill      XL: |  1  2  3  4  5  6  7  8 |
---------------+-------------------------+-----
Axes           | 2 3 4 5 6 |  6.7
Shields        | 3 |  3.8
Armour         | 3 4 5 |  5.9
Spellcasting   | 1 2 |  2.0
Poison Magic   | 1 2 |  2.2
Fighting       | 4 |  4.8
Dodging        | 1 |  1.5
Invocations    | 1 5 |  5.5
Throwing       | 2 |  2.2
Stealth        | 1 |  1.2

Action                   |  1- 3 |  4- 6 |  7- 9 || total
-------------------------+-------+-------+-------++-------
Melee: War axe           |   117 |   116 |   130 ||   363
Throw: Stone             |       |     2 |       ||     2
       Boomerang         |       |     5 |    12 ||    17
Invok: Ancestor Life: Ba |       |       |     1 ||     1
Evoke: Wand              |       |       |     2 ||     2
  Use: Scroll            |    10 |     1 |     7 ||    18
       Potion            |       |     1 |     6 ||     7
 Stab: Distracted        |       |       |     2 ||     2
Armor: Scale mail        |    35 |       |       ||    35
       Chain mail        |    26 |    75 |    90 ||   191
Dodge: Dodged            |    49 |    28 |    48 ||   125
Block: Buckler           |    28 |    43 |    29 ||   100

Table legend: (Time is in decaauts)
 A = Elapsed time spent in this place.
 B = Non-inter-level travel time spent in this place.
 C = Inter-level travel time spent in this place.
 D = Time resting spent in this place.
 E = Time spent auto-exploring this place.
 F = Levels seen in this place.
 G = Mean time per level.
                   A        B        C        D        E       F      G
               +--------+--------+--------+--------+--------+-----+--------+
         Total |   7468 |   7422 |     46 |   1157 |   3935 |   8 |  933.5 |
       Dungeon |   7387 |   7341 |     46 |   1157 |   3935 |   7 | 1055.3 |
        Bailey |     80 |     80 |      0 |      0 |      0 |   1 |   80.0 |
               +--------+--------+--------+--------+--------+-----+--------+

Top non-repeatable levels by time:
     D:3: 1351 daAuts
     D:4: 1215 daAuts
     D:1: 1213 daAuts
     D:5: 1198 daAuts
     D:6: 1114 daAuts
     D:2: 760 daAuts
     D:7: 533 daAuts
  Bailey: 80 daAuts
